 Dungeon Crawl Stone Soup version 0.14-a0-1974-gdb6e453 (webtiles) character file.

534 Kae the Insei (level 6, 0/38 HPs)
             Began as an Octopode Transmuter on Jan 18, 2014.
             Was an Initiate of Sif Muna.
             Succumbed to miscasting Spider Form's residual poison
             ... on Level 5 of the Dungeon.
             The game lasted 00:06:39 (5761 turns).

Kae the Insei (Octopode Transmuter)                 Turns: 5761, Time: 00:06:39

HP   0/38        AC  1     Str  9      XL: 6   Next: 71%
MP  10/10        EV 12     Int 21      God: Sif Muna [......]
Gold 162         SH  0     Dex 14      Spells:  3 memorised,  3 levels left

rFire  . . .     SeeInvis .       - Unarmed
rCold  . . .     Clarity  .     (no shield)
rNeg   . . .     Conserve .     (helmet restricted)
rPois  .         rCorr    .     (no amulet)
rElec  .         rRot     .     (no ring)
SustAb . .       Spirit   .     (no ring)
rMut   .         Warding  .     (no ring)
Saprov . . .     Stasis   .     (no ring)
MR     .....                    (no ring)
                                (no ring)
                                (no ring)
                                (no ring)

@: brilliant, flying, mildly poisoned, not resistant to hostile enchantments,
stealthy
A: almost no armour, amphibious, 8 rings, constrict 8, camouflage 1, gelatinous
body 1
a: Renounce Religion


You were on level 5 of the Dungeon.
You worshipped Sif Muna.
Sif Muna was noncommittal.
You were not hungry.

You visited 1 branch of the dungeon, and saw 5 of its levels.

You collected 162 gold pieces.

Inventory:

Missiles
 b - 12 arrows
 h - 7 tomahawks (quivered)
Comestibles
 a - 2 bread rations
 n - a cheese
 u - 2 chunks of ogre flesh
Scrolls
 c - a scroll of blinking {unknown}
 e - a scroll of recharging {unknown}
 f - 2 scrolls of remove curse {unknown}
 j - 2 scrolls of teleportation {unknown}
 l - 2 scrolls of identify {unknown}
 o - a scroll of enchant weapon I {unknown}
 p - 2 scrolls of noise {unknown}
 q - a scroll of immolation {unknown}
 r - 2 scrolls of curse jewellery {unknown}
 s - a scroll of random uselessness {unknown}
Jewellery
 m - an uncursed amulet of clarity {unknown}
 t - an uncursed ring of fire {unknown}
Potions
 k - a potion of flight
Books
 d - a book of Changes

   Spells                             Type                      Level
   *Beastly Appendage                 Transmutation                1
   *Sticks to Snakes                  Transmutation                2
   *Spider Form                       Transmutation/Poison         3
   Ice Form                           Ice/Transmutation            4
   Blade Hands                        Transmutation                5


   Skills:
 - Level 1.0 Fighting
 - Level 2.0 Dodging
 * Level 6.2 Unarmed Combat
 - Level 2.0 Spellcasting
 + Level 4.2 Transmutations


You had 3 spell levels left.
You knew the following spells:

 Your Spells              Type           Power        Failure   Level  Hunger
a - Beastly Appendage     Trmt           ####..       1%          1    #......
b - Sticks to Snakes      Trmt           ####......   1%          2    ##.....
c - Spider Form           Trmt/Pois      ###.......   2%          3    ###....


Dungeon Overview and Level Annotations

Branches:
Dungeon (5/16)
 Temple: D:4-7

Altars:
Ashenzari
Cheibriados
Kikubaaqudgha
Okawaru
Sif Muna
the Shining One

Annotations:
D:2 1 exclusion, Sigmund
D:4 Blork the orc
D:5 Nicoed's ghost, experienced HuFi


Innate Abilities, Weirdness & Mutations

You cannot wear most types of armour.
You are amphibious.
You can wear up to eight rings at the same time.*
You can use your tentacles to constrict many enemies at once.*
Your skin changes colour to match your surroundings (Stlth).*
Your rubbery body absorbs attacks (AC +1).*


Message History

You feel very buoyant.
You fly up into the air.
It was a potion of flight.
* * * LOW HITPOINT WARNING * * *
You feel sick.
Drink which item? (? for menu, Esc to quit)
You are confused.
It was a potion of confusion.
* * * LOW HITPOINT WARNING * * *
You feel sick.
* * * LOW HITPOINT WARNING * * *
You feel sick.
Things that are here:
an ogre skeleton; a giant club You feel less confused.
* * * LOW HITPOINT WARNING * * *
You feel sick.
You feel a little better.
Drink which item? (? for menu, Esc to quit)
Okay, then.
You die...

#### #######...#
##...###...##
##.@..###...##
##..#%.##.....#
#..##..#...#...
#..###....###..
#..###....###..
###..####...###.
#....#################
#...## #......##
#..############.......#


There were no monsters in sight!

Vanquished Creatures
  An ogre (D:5)
  An orc wizard (D:3)
  2 worker ants (D:4)
  An ogre skeleton (D:4)
  8 adders
  3 worms
  4 giant geckos
  2 oozes
  13 orcs (D:3)
  15 bats
  4 giant cockroaches
  7 hobgoblins
  10 kobolds
  2 ball pythons (D:2)
  5 giant newts
  10 goblins
  6 rats
94 creatures vanquished.

Notes
Turn   | Place    | Note
--------------------------------------------------------------
     0 | D:1      | Kae, the Octopode Transmuter, began the quest for the Orb.
     0 | D:1      | Reached XP level 1. HP: 13/13 MP: 3/3
   273 | D:1      | Reached XP level 2. HP: 16/18 MP: 4/4
   722 | D:2      | Learned a level 2 spell: Sticks to Snakes
   901 | D:2      | Reached XP level 3. HP: 16/23 MP: 6/6
  1122 | D:2      | Found an ancient bone altar of Kikubaaqudgha.
  1615 | D:2      | Reached skill level 4 in Unarmed Combat
  1629 | D:2      | Noticed Sigmund
  2397 | D:3      | Found a snail-covered altar of Cheibriados.
  2397 | D:3      | Found a deep blue altar of Sif Muna.
  2408 | D:3      | Found an iron altar of Okawaru.
  2419 | D:3      | Reached XP level 4. HP: 17/28 MP: 7/7
  2509 | D:3      | Became a worshipper of Sif Muna the Loreminder
  3137 | D:3      | Reached XP level 5. HP: 33/33 MP: 7/9
  3329 | D:3      | Reached skill level 5 in Unarmed Combat
  3392 | D:3      | Found a shattered altar of Ashenzari.
  4059 | D:4      | Noticed Blork the orc
  4102 | D:4      | Reached XP level 6. HP: 11/38 MP: 8/10
  4592 | D:4      | Found a glowing golden altar of the Shining One.
  5474 | D:4      | Learned a level 3 spell: Spider Form
  5492 | D:5      | Entered Level 5 of the Dungeon
  5494 | D:5      | Noticed Nicoed's ghost (experienced HuFi)
  5707 | D:5      | Reached skill level 6 in Unarmed Combat
  5750 | D:5      | HP: 1/38 [poisoned by miscasting Spider Form (residual poison)]
  5759 | D:5      | HP: 1/38 [poisoned by miscasting Spider Form (residual poison)]
  5761 | D:5      | Succumbed to miscasting Spider Form's residual poison

Action                   |  1- 3 |  4- 6 || total
-------------------------+-------+-------++-------
Melee: Unarmed           |   101 |   134 ||   235
 Cast: Beastly Appendage |     7 |    12 ||    19
       Spider Form       |       |     1 ||     1
  Use: Potion            |       |     3 ||     3
 Stab: Sleeping          |     3 |     6 ||     9
